SAA
WESTWOOD SIXSHOOTERS @ ATHLETIC CLUB KC ACADEMY
09/14/2030
 
TOP OF THE 1ST
Westwood Sixshooters batting - Pitching for Athletic Club KC Academy : RHP Lester Roadley
Pitching: RHP Lester Roadley
Batting: RHB Simone Catalani 0-0: Ball
1-0: Ball
2-0: Called Strike
2-1: Ball
3-1: Base on Balls
Batting: RHB Steve Bock 0-0: Called Strike
0-1: Fly out, F8 (Line Drive, 8RS)
Batting: RHB Richard Cutshall 0-0: Called Strike
0-1: Ball
1-1: Called Strike
Simone Catalani steals 2nd base
1-2: Ball
2-2: Fly out, F3 (Popup, 34)
Batting: LHB Mitchell Cusimano 0-0: Foul Ball, location: 2F
0-1: Ball
1-1: Swinging Strike
1-2: Foul Ball, location: 2F
1-2: Foul Ball, location: 2F
1-2: Strikes out swinging
Top of the 1st over - 0 runs, 0 hits, 0 errors, 1 left on base; Westwood 0 - Athletic Club KC Academy 0
BOTTOM OF THE 1ST
Athletic Club KC Academy batting - Pitching for Westwood Sixshooters : RHP Masaharu Sakata
Pitching: RHP Masaharu Sakata
Batting: LHB Takayuki Yoshikawa 0-0: Ball
1-0: Swinging Strike
1-1: Ball
2-1: TRIPLE (Line Drive, 89XD)
Batting: LHB Ramón Morterero 0-0: Ball
1-0: Fly out, F5 (Flyball, 5D)
Batting: RHB Colin Bottone 0-0: Ball
1-0: Ball
2-0: Called Strike
2-1: Ball
3-1: Base on Balls
Batting: LHB Pablo Hernández 0-0: Ball
1-0: Ball
2-0: Foul Ball, location: 2F
2-1: Ball
3-1: Called Strike
3-2: Foul Ball, location: 2F
3-2: Fly out, F7 (Flyball, 7)
Runner from 3rd tags up, SCORES, no throw
Batting: RHB Roger Caffyn 0-0: Fly out, F8 (Flyball, 8RS)
Bottom of the 1st over - 1 run, 1 hit, 0 errors, 1 left on base; Westwood 0 - Athletic Club KC Academy 1
TOP OF THE 2ND
Westwood Sixshooters batting - Pitching for Athletic Club KC Academy : RHP Lester Roadley
Batting: SHB Arsenio Sameiro 0-0: Ground out 4-3 (Groundball, 4)
Batting: LHB José Martínez 0-0: Foul Ball, location: 2F
0-1: Swinging Strike
0-2: Ball
1-2: Ball
2-2: Ball
3-2: Base on Balls
Batting: SHB Jesús Rodríguez 0-0: Called Strike
0-1: Ball
1-1: Ball
2-1: Swinging Strike
2-2: Strikes out looking
Batting: LHB Jim Schlossnagle 0-0: Called Strike
0-1: Foul Ball, location: 2F
0-2: Strikes out swinging
Top of the 2nd over - 0 runs, 0 hits, 0 errors, 1 left on base; Westwood 0 - Athletic Club KC Academy 1
BOTTOM OF THE 2ND
Athletic Club KC Academy batting - Pitching for Westwood Sixshooters : RHP Masaharu Sakata
Batting: RHB Tae-kyun Chon 0-0: Ball
1-0: Foul Ball, location: 2F
1-1: Ball
2-1: Ground out 5-3 (Groundball, 56)
Batting: RHB Dewey Nauss 0-0: Called Strike
0-1: Foul Ball, location: 2F
0-2: Ball
1-2: Ball
2-2: Ball
3-2: DOUBLE (Line Drive, 7LS)
Batting: RHB Tasuku Goto 0-0: Ball
1-0: Called Strike
1-1: Fly out, F8 (Line Drive, 89D)
Batting: RHB Troy Whitehurst 0-0: Called Strike
0-1: Called Strike
0-2: Ball
1-2: Ball
2-2: Hit by Pitch
Batting: LHB Takayuki Yoshikawa 0-0: Swinging Strike
0-1: Ball
1-1: Foul Ball, location: 2F
1-2: Foul Ball, location: 2F
1-2: Foul Ball, location: 2F
1-2: Fielders Choice at 2nd, 6-4 (Groundball, 6)
Bottom of the 2nd over - 0 runs, 1 hit, 0 errors, 2 left on base; Westwood 0 - Athletic Club KC Academy 1
TOP OF THE 3RD
Westwood Sixshooters batting - Pitching for Athletic Club KC Academy : RHP Lester Roadley
Batting: RHB Nick Hoskins 0-0: Ball
1-0: Ball
2-0: Called Strike
2-1: Ball
3-1: Fly out, F4 (Line Drive, 4M)
Batting: RHB Simone Catalani 0-0: Foul Ball, location: 2F
0-1: Swinging Strike
0-2: Ball
1-2: Ball
2-2: Strikes out swinging
Batting: RHB Steve Bock 0-0: Fly out, F7 (Line Drive, 7D)
Top of the 3rd over - 0 runs, 0 hits, 0 errors, 0 left on base; Westwood 0 - Athletic Club KC Academy 1
BOTTOM OF THE 3RD
Athletic Club KC Academy batting - Pitching for Westwood Sixshooters : RHP Masaharu Sakata
Batting: LHB Ramón Morterero 0-0: Swinging Strike
0-1: Called Strike
0-2: Ball
1-2: Foul Ball, location: 2F
1-2: Foul Ball, location: 2F
1-2: Ball
2-2: Fly out, F7 (Flyball, 7S)
Batting: RHB Colin Bottone 0-0: Fly out, F5 (Line Drive, 5)
Batting: LHB Pablo Hernández 0-0: Ball
1-0: Foul Ball, location: 2F
1-1: Foul Ball, location: 2F
1-2: SINGLE (Flyball, 78M)
Batting: RHB Roger Caffyn 0-0: Ball
1-0: Ball
2-0: Foul Ball, location: 2F
2-1: DOUBLE (Flyball, 78D)
Pablo Hernández to third
Runner from 3rd tries for Home, SAFE, no throw
Batting: RHB Tae-kyun Chon 0-0: Ball
1-0: Ball
2-0: Called Strike
2-1: Foul Ball, location: 2F
2-2: Ball
3-2: Base on Balls
Batting: RHB Dewey Nauss 0-0: Called Strike
0-1: Swinging Strike
0-2: Strikes out swinging
Bottom of the 3rd over - 1 run, 2 hits, 0 errors, 2 left on base; Westwood 0 - Athletic Club KC Academy 2
TOP OF THE 4TH
Westwood Sixshooters batting - Pitching for Athletic Club KC Academy : RHP Lester Roadley
Batting: RHB Richard Cutshall 0-0: Ball
1-0: Called Strike
1-1: Called Strike
1-2: Strikes out swinging
Batting: LHB Mitchell Cusimano 0-0: Called Strike
0-1: SINGLE (Line Drive, 56D)
Batting: SHB Arsenio Sameiro 0-0: Ball
Mitchell Cusimano steals 2nd base
1-0: Ground out 6-3 (Groundball, 6)
Mitchell Cusimano to third
Batting: LHB José Martínez 0-0: Ball
1-0: Called Strike
1-1: Ground out 4-3 (Groundball, 34D)
Top of the 4th over - 0 runs, 1 hit, 0 errors, 1 left on base; Westwood 0 - Athletic Club KC Academy 2
BOTTOM OF THE 4TH
Athletic Club KC Academy batting - Pitching for Westwood Sixshooters : RHP Masaharu Sakata
Batting: RHB Tasuku Goto 0-0: Ground out 4-3 (Groundball, 34)
Batting: RHB Troy Whitehurst 0-0: Ball
1-0: Ground out 3-1 (Groundball, 34)
Batting: LHB Takayuki Yoshikawa 0-0: Called Strike
0-1: Ball
1-1: Ball
2-1: Foul Ball, location: 2F
2-2: Strikes out swinging
Bottom of the 4th over - 0 runs, 0 hits, 0 errors, 0 left on base; Westwood 0 - Athletic Club KC Academy 2
TOP OF THE 5TH
Westwood Sixshooters batting - Pitching for Athletic Club KC Academy : RHP Lester Roadley
Batting: SHB Jesús Rodríguez 0-0: Ball
1-0: Foul Ball, location: 2F
1-1: Ball
2-1: SINGLE (Line Drive, 8LS)
Batting: LHB Jim Schlossnagle 0-0: Ball
1-0: Foul Ball, location: 2F
1-1: Foul Ball, location: 2F
1-2: Ball
2-2: Strikes out looking
Batting: RHB Nick Hoskins 0-0: Ball
1-0: Swinging Strike
1-1: Swinging Strike
1-2: Fielders Choice at 2nd, 6-4 (Groundball, 6)
Batting: RHB Simone Catalani 0-0: Ball
1-0: Ball
2-0: Called Strike
2-1: Foul Ball, location: 2F
2-2: Ball
3-2: Base on Balls
Nick Hoskins to second
Batting: RHB Steve Bock 0-0: Foul Ball, location: 2F
0-1: Swinging Strike
0-2: Ground out 4-3 (Groundball, 4S)
Top of the 5th over - 0 runs, 1 hit, 0 errors, 2 left on base; Westwood 0 - Athletic Club KC Academy 2
BOTTOM OF THE 5TH
Athletic Club KC Academy batting - Pitching for Westwood Sixshooters : RHP Masaharu Sakata
Batting: LHB Ramón Morterero 0-0: Ball
1-0: Ground out 4-3 (Groundball, 4M)
Batting: RHB Colin Bottone 0-0: Ball
1-0: Ball
2-0: Swinging Strike
2-1: Swinging Strike
2-2: Foul Ball, location: 2F
2-2: Foul Ball, location: 2F
2-2: Strikes out swinging, 2-3 out at first.
Batting: LHB Pablo Hernández 0-0: Foul Ball, location: 2F
0-1: Foul Ball, location: 2F
0-2: Ball
1-2: Ball
2-2: Foul Ball, location: 2F
2-2: Foul Ball, location: 2F
2-2: DOUBLE (Flyball, 8LXD)
Batting: RHB Roger Caffyn 0-0: Ball
Passed Ball!
Pablo Hernández to third
1-0: Ball
2-0: Fly out, F9 (Flyball, 9S)
Bottom of the 5th over - 0 runs, 1 hit, 0 errors, 1 left on base; Westwood 0 - Athletic Club KC Academy 2
TOP OF THE 6TH
Westwood Sixshooters batting - Pitching for Athletic Club KC Academy : RHP Lester Roadley
Batting: RHB Richard Cutshall 0-0: Ball
1-0: Ground out 5-3 (Groundball, 56)
Batting: LHB Mitchell Cusimano 0-0: Called Strike
0-1: Ball
1-1: Called Strike
1-2: Ball
2-2: Ball
3-2: Foul Ball, location: 2F
3-2: Foul Ball, location: 2F
3-2: Base on Balls
Batting: SHB Arsenio Sameiro 0-0: Called Strike
0-1: Fly out, F8 (Flyball, 8RM)
Batting: LHB José Martínez 0-0: Ball
1-0: Foul Ball, location: 2F
1-1: Ground out U3 (Groundball, 3)
Top of the 6th over - 0 runs, 0 hits, 0 errors, 1 left on base; Westwood 0 - Athletic Club KC Academy 2
BOTTOM OF THE 6TH
Athletic Club KC Academy batting - Pitching for Westwood Sixshooters : RHP Masaharu Sakata
Batting: RHB Tae-kyun Chon 0-0: Ball
1-0: SINGLE (Groundball, 6D)
Batting: RHB Dewey Nauss 0-0: Ball
1-0: Called Strike
1-1: Fly out, F6 (Line Drive, 6)
Batting: RHB Tasuku Goto 0-0: Ball
Tae-kyun Chon steals 2nd base
1-0: Called Strike
1-1: Fly out, F9 (Flyball, 9LS)
Batting: RHB Troy Whitehurst 0-0: Ball
1-0: Called Strike
1-1: Called Strike
1-2: Ball
2-2: Foul Ball, location: 2F
2-2: Fly out, F7 (Line Drive, 7)
Bottom of the 6th over - 0 runs, 1 hit, 0 errors, 1 left on base; Westwood 0 - Athletic Club KC Academy 2
TOP OF THE 7TH
Westwood Sixshooters batting - Pitching for Athletic Club KC Academy : RHP Lester Roadley
Pitching: RHP Rubén Rivera
Now in RF: Arturo Annunziato
Batting: SHB Jesús Rodríguez 0-0: Ball
1-0: Foul Ball, location: 2F
1-1: Foul Ball, location: 2F
1-2: Strikes out looking
Batting: LHB Jim Schlossnagle 0-0: Fly out, F9 (Flyball, 9LS)
Batting: RHB Nick Hoskins 0-0: Foul Ball, location: 2F
0-1: Ball
1-1: Swinging Strike
1-2: Foul Ball, location: 2F
1-2: Foul Ball, location: 2F
1-2: SINGLE (Groundball, 56D)
Batting: RHB Simone Catalani 0-0: Ball
1-0: Ball
2-0: Called Strike
2-1: Ball
3-1: Called Strike
3-2: Fly out, F9 (Flyball, 9S)
Top of the 7th over - 0 runs, 1 hit, 0 errors, 1 left on base; Westwood 0 - Athletic Club KC Academy 2
BOTTOM OF THE 7TH
Athletic Club KC Academy batting - Pitching for Westwood Sixshooters : RHP Masaharu Sakata
Batting: LHB Takayuki Yoshikawa 0-0: Fly out, F2 (Popup, 2L)
Batting: LHB Ramón Morterero 0-0: Ball
1-0: Ball
2-0: Ground out 6-3 (Groundball, 6)
Batting: RHB Colin Bottone 0-0: Ball
1-0: SINGLE (Line Drive, 56D)
Batting: LHB Pablo Hernández 0-0: Called Strike
0-1: Foul Ball, location: 2F
0-2: Ball
1-2: Strikes out swinging
Bottom of the 7th over - 0 runs, 1 hit, 0 errors, 1 left on base; Westwood 0 - Athletic Club KC Academy 2
TOP OF THE 8TH
Westwood Sixshooters batting - Pitching for Athletic Club KC Academy : RHP Rubén Rivera
Now at 2B: Roberto Romero
Batting: RHB Steve Bock 0-0: Called Strike
0-1: Ground out 5-3 (Groundball, 56S)
Batting: RHB Richard Cutshall 0-0: Called Strike
0-1: Swinging Strike
0-2: Ball
1-2: Ball
2-2: Strikes out looking
Batting: LHB Mitchell Cusimano 0-0: Ball
1-0: Foul Ball, location: 2F
1-1: Ball
2-1: Fly out, F5 (Line Drive, 5)
Top of the 8th over - 0 runs, 0 hits, 0 errors, 0 left on base; Westwood 0 - Athletic Club KC Academy 2
BOTTOM OF THE 8TH
Athletic Club KC Academy batting - Pitching for Westwood Sixshooters : RHP Masaharu Sakata
Pitching: RHP Alfonso Santa Maria
Batting: RHB Roger Caffyn 0-0: Called Strike
0-1: Ball
1-1: Ball
2-1: Ball
3-1: Foul Ball, location: 2F
3-2: Base on Balls
Batting: RHB Tae-kyun Chon 0-0: Bunt missed!
0-1: Ball
1-1: Bunted foul
1-2: Foul Ball, location: 2F
1-2: SINGLE (Line Drive, 5L)
Roger Caffyn to second
Batting: RHB Dewey Nauss 0-0: Ball
1-0: Called Strike
1-1: Called Strike
1-2: Ball
2-2: Ball
3-2: Strikes out looking
Pinch Hitting: LHB Chi-hun Chong 0-0: Called Strike
Roger Caffyn steals 3rd base
Tae-kyun Chon to second
0-1: Foul Ball, location: 2F
0-2: Ball
1-2: Ball
2-2: Strikes out swinging
Pinch Hitting: LHB Michael Woodard 0-0: Ball
1-0: Ball
2-0: Called Strike
2-1: Foul Ball, location: 2F
2-2: Ground out 4-3 (Groundball, 4)
Bottom of the 8th over - 0 runs, 1 hit, 0 errors, 2 left on base; Westwood 0 - Athletic Club KC Academy 2
TOP OF THE 9TH
Westwood Sixshooters batting - Pitching for Athletic Club KC Academy : RHP Rubén Rivera
Pitching: RHP Alberto Ortíz
Now at 3B: Ijsbrand van Hoogewegen
Now in RF: Michael Woodard
Batting: SHB Arsenio Sameiro 0-0: Called Strike
0-1: Ball
1-1: Ball
2-1: Foul Ball, location: 2F
2-2: Ball
3-2: Foul Ball, location: 2F
3-2: DOUBLE (Flyball, 89XD)
Batting: LHB José Martínez 0-0: Ball
1-0: Ball
2-0: Called Strike
2-1: Swinging Strike
2-2: Foul Ball, location: 2F
2-2: Ball
3-2: Ground out 4-3 (Groundball, 4MS)
Arsenio Sameiro to third
Batting: SHB Jesús Rodríguez 0-0: Ball
1-0: Ball
2-0: Called Strike
2-1: Ball
3-1: Fly out, F9 (Flyball, 89M)
Runner from 3rd tags up, SCORES, no throw
Batting: LHB Jim Schlossnagle 0-0: Ball
1-0: Called Strike
1-1: Ball
2-1: Ball
3-1: Base on Balls
Pinch Hitting: LHB Phil Minor 0-0: Called Strike
0-1: Ball
1-1: Fielders Choice at 2nd, 6-4 (Groundball, 6)
Top of the 9th over - 1 run, 1 hit, 0 errors, 1 left on base; Westwood 1 - Athletic Club KC Academy 2
Sunday, March 18th, 2018 - OOTP Baseball 18.8 Build 76